 Dungeon Crawl Stone Soup version 0.29.1-1-gd02db6906a (webtiles) character file.

Game seed: 10047520949945997578

15447 Ashen the Destroyer (level 12, -12/89 HPs)
             Began as a Demonspawn Earth Elementalist on Oct 1, 2022.
             Was a Priest of Vehumet.
             Shot with an arrow by a centaur warrior (17 damage)
             ... on level 14 of the Dungeon.
             The game lasted 00:26:20 (16320 turns).

Ashen the Destroyer (DsEE)                         Turns: 16320, Time: 00:26:21

Health: -12/89     AC: 10    Str: 13    XL:     12   Next: 1%
Magic:  22/22      EV: 15    Int: 20    God:    Vehumet [***...]
Gold:   379        SH:  0    Dex: 15    Spells: 11/24 levels left

rFire   . . .      SeeInvis .   g - +1 dagger (venom)
rCold   + . .      Faith    +   (no shield)
rNeg    + . .      Spirit   .   Q - +1 robe "Safeus" {Fly rPois rN+ Str+4}
rPois   +          Reflect  .   V - +2 hat
rElec   .          Harm     .   L - +0 cloak
rCorr   .          Rampage  .   (no gloves)
Will    +....                   c - +0 pair of boots
Stlth   +++.......              k - amulet of faith
HPRegen 0.24/turn               E - ring of willpower
MPRegen 0.18/turn               h - ring of protection from cold

@: flying
A: hooves 1, thin metallic scales 2, spiny 2, demonic magic 2
a: Renounce Religion


You were on level 14 of the Dungeon.
You worshipped Vehumet.
Vehumet was most pleased with you.
You visited 2 branches of the dungeon, and saw 14 of its levels.

You collected 709 gold pieces.
You spent 330 gold pieces at shops.

Inventory:

Hand Weapons
 g - a +1 dagger of venom (weapon)
Missiles
 i - 23 poisoned darts
 X - 2 throwing nets
Armour
 c - a +0 pair of boots (worn)
 L - a +0 cloak (worn)
 Q - the +1 robe "Safeus" (worn) {Fly rPois rN+ Str+4}
   (You found it on level 8 of the Dungeon)

   Str:       It affects your strength (+4).
   rPois:     It protects you from poison.
   rN:        It protects you from negative energy.
   Fly:       It grants you flight.
 V - a +2 hat (worn)
Jewellery
 f - a ring of resist corrosion
 h - a ring of protection from cold (right hand)
 k - an amulet of faith (around neck)
 m - a ring of ice
 w - a ring of protection from fire
 E - a ring of willpower (left hand)
 T - a ring of flight
Wands
 a - a wand of mindburst (14)
 M - a wand of flame (51)
 R - a wand of polymorph (12)
 S - a wand of iceblast (6)
 U - a wand of paralysis (6)
Scrolls
 e - 4 scrolls of immolation {unknown}
 n - 3 scrolls of blinking {unknown}
 o - 9 scrolls of identify {unknown}
 p - 4 scrolls of vulnerability {unknown}
 q - 2 scrolls of enchant armour {unknown}
 s - 3 scrolls of fog {unknown}
 t - a scroll of torment {unknown}
 v - 5 scrolls of magic mapping {unknown}
 x - 2 scrolls of poison {unknown}
 y - 2 scrolls of enchant weapon {unknown}
 C - 2 scrolls of noise {unknown}
 D - a scroll of amnesia {unknown}
 I - 2 scrolls of silence {unknown}
 J - 3 scrolls of summoning {unknown}
 K - 6 scrolls of teleportation {unknown}
Potions
 b - a potion of magic
 d - 4 potions of haste {unknown}
 j - 2 potions of curing
 l - 2 potions of cancellation {unknown}
 r - 2 potions of mutation {unknown}
 u - 3 potions of ambrosia {unknown}
 z - a potion of invisibility {unknown}
 A - 2 potions of lignification {unknown}
 B - 7 potions of degeneration {unknown}
 F - 2 potions of flight {unknown}
 G - a potion of brilliance {unknown}
 H - 2 potions of attraction {unknown}
 O - 2 potions of resistance {unknown}
 P - a potion of heal wounds {unknown}
 W - 2 potions of might {unknown}
 Y - a potion of berserk rage {unknown}
Miscellaneous
 Z - a phial of floods (inert)


   Skills:
 + Level 6.9 Fighting
 + Level 6.6 Dodging
 - Level 5.0 Stealth
 + Level 6.6 Spellcasting
 * Level 9.7 Conjurations
 - Level 5.0 Transmutations
 * Level 9.6 Earth Magic


You had 11 spell levels left.
You knew the following spells:

 Your Spells              Type           Power      Damage    Failure   Level
a - Sandblast             Erth           90%        2d19      1%          1
b - Passwall              Tmut/Erth      29%        N/A       1%          2
c - Stone Arrow           Conj/Erth      90%        3d12      1%          3
d - Petrify               Tmut/Erth      35%        N/A       4%          4
e - Mephitic Cloud        Conj/Pois/Air  19%        N/A       2%          3

Your spell library contained the following spells:

 Spells                   Type           Power      Damage    Failure   Level
 Dazzling Flash           Conj/Hex       52%        N/A       1%          3
 Iron Shot                Conj/Erth      22%        9d5       8%          6
 Animate Armour           Summ/Erth      50%        N/A       14%         4
 Blade Hands              Tmut           13%        N/A       34%         5
 Summon Ice Beast         Ice/Summ       6%         N/A       67%         4
 Lehudib's Crystal Spear  Conj/Erth      22%        10d6      94%         8
 Agony                    Necr           6%         N/A       95%         5
 Silence                  Hex/Air        3%         N/A       95%         5
 Summon Mana Viper        Hex/Summ       6%         N/A       95%         5
 Monstrous Menagerie      Summ           3%         N/A       100%        7


Dungeon Overview and Level Annotations

Branches:
Dungeon (12/15)            Temple (1/1) D:7            Lair (0/5) D:9
    Orc (0/2) D:11         Vaults (0/5) D:14

Altars:
Ashenzari
Cheibriados
Dithmenos
Fedhas
Gozag
Hepliaklqana
Kikubaaqudgha
Makhleb
Nemelex Xobeh
Okawaru
Ru
Sif Muna
Trog
Uskayaw
Vehumet
Wu Jian
Xom
Yredelemnul

Shops:
D:7 *[**


Innate Abilities, Weirdness & Mutations

You have large cloven feet.
You are mostly covered in thin metallic scales. (AC +3)
You are mostly covered in sharp spines.
Spells you cast may paralyse nearby enemies.


Message History

You blink.
The vault guard closely misses you.
The centaur warrior shoots an arrow.
The arrow hits you!
* * * LOW HITPOINT WARNING * * *
You see here 3 large rocks.
As you read the scroll of fear, it crumbles to dust.
You assume a fearsome visage.
The centaur warrior looks frightened!
The vault guard looks frightened! x2
Found 7 stones.
Found a sling.
Found 12 gold pieces.
Found a stone staircase leading down.
A centaur comes into view.
Found 2 gold pieces.
Found a gold piece.
Found a gold piece.
Found 2 gold pieces.
Found an opulent altar of Gozag.
Found a gold piece.
You now have 373 gold pieces (gained 1).
You now have 374 gold pieces (gained 1).
You now have 375 gold pieces (gained 1).
There is an opulent altar of Gozag here.
You now have 376 gold pieces (gained 1).
You now have 377 gold pieces (gained 1).
You now have 378 gold pieces (gained 1).
You now have 379 gold pieces (gained 1).
Found a stone staircase leading up.
A manticore comes into view.
Found a falchion.
The centaur warrior shouts!
The centaur warrior wields a +1 shortbow of flaming.
It bursts into flame!
The centaur warrior shoots an arrow.
The arrow hits you!
* * * LOW HITPOINT WARNING * * *
The arrow burns you!
* * * LOW HITPOINT WARNING * * *
The centaur warrior shoots an arrow.
The arrow hits you!
* * * LOW HITPOINT WARNING * * *
The arrow burns you.
* * * LOW HITPOINT WARNING * * *
The centaur warrior shoots an arrow.
The arrow hits you!
You die...

....... ............
............
............ #+#####
.c....... .......
####..... .......
##..###.#######+#.......
#...............@.......
..........c......H......
#.......................
#..#.........########)..
...#.........# ..
...#.........# .
...#.........#
...+.........#
...#.........#


You could see a centaur warrior and a manticore.

Vanquished Creatures
  Jorgrun (D:12)
  Harold (D:11)
  A boulder beetle (D:11)
  2 two-headed ogres
  Amaemon (D:11)
  A cyclops (D:14)
  Maggie (D:7)
  An orange demon (D:11)
  A komodo dragon (D:9)
  Psyche (D:11)
  2 trolls
  A hornet (D:8)
  A shadow (D:9)
  Sigmund (D:5)
  A wyvern (D:9)
  A basilisk (D:12)
  3 wraiths
  15 yaks
  2 steam dragons (D:9)
  Grum (D:11)
  5 water moccasins
  2 acid dragons (D:11)
  4 orc warriors
  A black bear (D:3)
  An ogre (D:6)
  4 centaurs
  4 wolves (D:11)
  3 phantoms
  A kobold brigand (D:9)
  Blork the orc (D:4)
  2 bullfrogs
  3 necrophages
  A gnoll sergeant (D:6)
  5 wights
  25 killer bees
  9 howler monkeys
  3 hounds
  A quasit (D:4)
  7 orc priests
  Crazy Yiuf (D:7)
  2 jellies (D:5)
  Terence (D:2)
  3 iguanas
  8 orc wizards
  8 gnolls
  7 adders
  3 shadow imps
  3 white imps
  An ufetubus (D:4)
  2 worms (D:2)
  5 dart slugs
  38 orcs
  10 ball pythons
  7 bats
  7 endoplasms
  A giant cockroach (D:2)
  8 goblins
  4 hobgoblins
  9 jackals
  6 quokkas
  4 frilled lizards
  7 kobolds
  8 rats
274 creatures vanquished.

Vanquished Creatures (others)
  18 plants (D:9)
18 creatures vanquished.

Grand Total: 292 creatures vanquished

Notes
Turn   | Place    | Note
-------+----------+-------------------------------------------
     0 | D:1      | Ashen the Demonspawn Earth Elementalist began the quest for
                  | the Orb.
     0 | D:1      | Reached XP level 1. HP: 13/13 MP: 3/3
   215 | D:1      | Reached skill level 1 in Transmutations
   378 | D:1      | Gained mutation: You are partially covered in sharp spines.
                  | [demonic ancestry]
   378 | D:1      | Reached XP level 2. HP: 20/20 MP: 3/5
  1050 | D:1      | Reached XP level 3. HP: 25/25 MP: 4/6
  1267 | D:2      | Learned a level 2 spell: Passwall
  1271 | D:2      | Learned a level 3 spell: Stone Arrow
  1289 | D:2      | Noticed Terence
  1494 | D:2      | Reached skill level 1 in Fighting
  1570 | D:2      | Killed Terence
  1571 | D:2      | Gained mutation: Spells you cast may paralyse adjacent
                  | enemies. [demonic ancestry]
  1571 | D:2      | Reached XP level 4. HP: 18/32 MP: 3/7
  1970 | D:2      | Reached skill level 1 in Conjurations
  2552 | D:2      | Gained mutation: You have large cloven feet. [demonic
                  | ancestry]
  2552 | D:2      | Reached XP level 5. HP: 37/37 MP: 8/8
  2945 | D:3      | Noticed a black bear
  2953 | D:3      | Killed a black bear
  3172 | D:3      | Found a faded altar of an unknown god.
  3261 | D:3      | Found a bloodstained altar of Trog.
  3377 | D:3      | Reached XP level 6. HP: 44/44 MP: 7/9
  3516 | D:3      | Learned a level 4 spell: Petrify
  4336 | D:4      | Noticed Blork the orc
  4345 | D:4      | Killed Blork the orc
  5037 | D:4      | Gained mutation: You are partially covered in thin metallic
                  | scales. (AC +2) [demonic ancestry]
  5037 | D:4      | Reached XP level 7. HP: 43/50 MP: 9/11
  5387 | D:5      | Entered Level 5 of the Dungeon
  5689 | D:5      | Noticed Sigmund
  5698 | D:5      | Killed Sigmund
  6356 | D:5      | Gained mutation: You are mostly covered in sharp spines.
                  | [demonic ancestry]
  6356 | D:5      | Reached XP level 8. HP: 57/57 MP: 12/12
  6762 | D:6      | Reached skill level 5 in Earth Magic
  7613 | D:6      | Identified the +3 leather armour of the Silversmith
                  | {*Corrode Fly rC- Dex+7}
  7635 | D:6      | Reached skill level 5 in Conjurations
  7703 | D:6      | Found a sparkling altar of Nemelex Xobeh.
  7745 | D:6      | Reached XP level 9. HP: 65/65 MP: 10/15
  8205 | D:7      | Found a runed translucent door.
  8206 | D:7      | Noticed Crazy Yiuf
  8271 | D:7      | Killed Crazy Yiuf
  8376 | D:7      | Found Qeurasma's General Store.
  8376 | D:7      | Noticed Maggie
  8395 | D:7      | Killed Maggie
  8469 | D:7      | Bought a scroll of fear for 44 gold pieces
  8487 | D:7      | Found a staircase to the Ecumenical Temple.
  8493 | Temple   | Entered the Ecumenical Temple
  8809 | Temple   | Became a worshipper of Vehumet
  8987 | D:7      | Found Umoulaivua's Assorted Antiques.
  8997 | D:7      | Bought a clear potion for 27 gold pieces
  8997 | D:7      | Bought a scroll labelled BUIDAA OTSOV for 31 gold pieces
  8997 | D:7      | Bought 2 scrolls labelled XILOHA SUNWI for 62 gold pieces
  8997 | D:7      | Bought a blue potion for 27 gold pieces
  8997 | D:7      | Bought a scroll labelled KEAPET BUSENEO for 31 gold pieces
  8997 | D:7      | Bought a metallic coppery potion for 27 gold pieces
  9079 | D:7      | Found Neguumnue's Antique Armour Shop.
  9204 | D:7      | Found Jerupin's Assorted Antiques.
  9212 | D:7      | Bought a scroll labelled AHIOGRI NAJO for 28 gold pieces
  9212 | D:7      | Bought a scroll labelled XAC HAVOMOP for 28 gold pieces
  9212 | D:7      | Bought a metallic orange potion for 25 gold pieces
  9551 | D:8      | Identified the +1 robe "Safeus" {Fly rPois rN+ Str+4}
  9943 | D:8      | Paralysed by a hornet for 1 turns
  9946 | D:8      | Reached skill level 5 in Stealth
 10279 | D:9      | Reached * piety under Vehumet
 10279 | D:9      | Offered knowledge of Shock by Vehumet.
 10403 | D:9      | Gained mutation: Spells you cast may paralyse nearby
                  | enemies. [demonic ancestry]
 10403 | D:9      | Reached XP level 10. HP: 30/73 MP: 13/17
 10938 | D:9      | Reached ** piety under Vehumet
 10939 | D:9      | Reached skill level 5 in Spellcasting
 10967 | D:9      | Offered knowledge of Poisonous Vapours by Vehumet.
 10970 | D:9      | Reached skill level 5 in Dodging
 10978 | D:9      | Reached skill level 5 in Fighting
 11875 | D:9      | Found a staircase to the Lair.
 12171 | D:9      | Reached skill level 5 in Transmutations
 12284 | D:10     | Entered Level 10 of the Dungeon
 12517 | D:10     | Noticed a two-headed ogre
 12965 | D:10     | Killed a two-headed ogre
 13116 | D:10     | Offered knowledge of Conjure Flame by Vehumet.
 13125 | D:10     | Gained mutation: You are mostly covered in thin metallic
                  | scales. (AC +3) [demonic ancestry]
 13125 | D:10     | Reached XP level 11. HP: 8/80 MP: 19/19
 13770 | D:11     | Noticed a boulder beetle
 13781 | D:11     | Killed a boulder beetle
 13784 | D:11     | Noticed a two-headed ogre
 13785 | D:11     | Noticed Amaemon
 13912 | D:11     | Killed a two-headed ogre
 13973 | D:11     | Killed Amaemon
 13973 | D:11     | Reached *** piety under Vehumet
 14122 | D:11     | Found a staircase to the Orcish Mines.
 14201 | D:11     | Noticed Harold
 14211 | D:11     | Killed Harold
 14372 | D:11     | Noticed Grum
 14385 | D:11     | Killed Grum
 14868 | D:11     | Noticed Psyche
 15139 | D:11     | Offered knowledge of Mephitic Cloud by Vehumet.
 15144 | D:11     | Learned a level 3 spell: Mephitic Cloud
 15367 | D:12     | Noticed Jorgrun
 15377 | D:12     | Killed Jorgrun
 15475 | D:11     | Killed Psyche
 16095 | D:12     | You are sucked into a shaft and drop 2 floors!
 16111 | D:14     | Reached XP level 12. HP: 89/89 MP: 5/22
 16232 | D:14     | Found a gate to the Vaults.
 16232 | D:14     | Noticed a centaur warrior
 16232 | D:14     | Noticed a vault guard
 16232 | D:14     | Noticed a centaur warrior
 16232 | D:14     | Noticed a vault guard
 16232 | D:14     | Noticed a vault guard
 16232 | D:14     | Noticed a vault guard
 16289 | D:14     | Found an opulent altar of Gozag.
 16320 | D:14     | Shot with an arrow by a centaur warrior

Illustrated notes

Levels and vault maps discovered:
D:1:      dpeg_arrival_snail, layout_loops_corners, minmay_heptomino_l4
D:2:      layout_basic, uniq_terence
D:3:      layout_loops_corners, trog_butcher_becter,
          hellmonk_ecumenical_altar_dog_temple
D:4:      layout_loops_corners, serial_demonic, serial_demonic_d,
          serial_demonic_b, serial_demonic_c, serial_demonic_e, fountainhead,
          uniq_blork_the_orc
D:5:      layout_gridville, serial_park_tiny_2, uniq_sigmund
D:6:      layout_loops_ring, nemelex_dance_club_becter
D:7:      layout_loops_ring, minmay_temple_entry_fiery, serial_shops, shop,
          nicolae_shop_advertising_works [nicolae_subvault_shop_adworks],
          nicolae_shop_overgrown_old_shop, shop, uniq_maggie,
          uniq_crazy_yiuf_cottage
D:8:      layout_loops_ring, kennysheep_small_square
D:9:      layout_basic, david_lair_shrubbed, minmay_joined_circles
D:10:     layout_roguey
D:11:     layout_loops_ring, orc_0_dummy, uniq_amaemon, uniq_harold,
          uniq_psyche, uniq_grum
D:12:     layout_rooms, uniq_jorgrun
D:14:     layout_irregular_city, lightli_vaults_fourway_checkpoint,
          grunt_gozag_breadcrumbs
Temple:   mainiacjoe_temple_big_plus

Skill      XL: |  1  2  3  4  5  6  7  8  9 10 11 |
---------------+----------------------------------+-----
Transmutations | 1 2 3 4 5 |  5.0
Stealth        | 2 3 4 5 |  5.0
Dodging        | 2 3 4 5 6 |  6.6
Earth Magic    | 3 4 5 6 8 9 |  9.6
Fighting       | 1 2 3 4 5 6 |  6.9
Conjurations   | 1 2 3 5 6 8 9 |  9.7
Spellcasting   | 3 4 5 6 |  6.6

Action                   |  1- 3 |  4- 6 |  7- 9 | 10-12 || total
-------------------------+-------+-------+-------+-------++-------
Melee: Dagger            |     7 |    88 |    97 |   166 ||   358
       Punch             |       |       |       |     5 ||     5
 Cast: Sandblast         |    49 |    51 |   103 |    47 ||   250
       Passwall          |     1 |       |     1 |     1 ||     3
       Petrify           |       |       |     4 |    24 ||    28
       Stone Arrow       |       |       |     5 |    62 ||    67
       Mephitic Cloud    |       |       |       |     4 ||     4
Evoke: Phial of floods   |       |       |       |     1 ||     1
  Use: Scroll            |       |       |       |     1 ||     1
 Stab: Sleeping          |     1 |     8 |     3 |     5 ||    17
       Paralysed         |       |     4 |    11 |    27 ||    42
       Petrified         |       |       |    13 |    17 ||    30
       Petrifying        |       |       |       |     4 ||     4
Armor: Robe              |     1 |    21 |    19 |    40 ||    81
       Swamp dragon scal |       |       |    18 |       ||    18
Dodge: Dodged            |    12 |    58 |    80 |   147 ||   297
